 Dungeon Crawl Stone Soup version 0.30-a0-777-ga9a30cbeda (webtiles) character file.

Game seed: 8505021108374592824

164 Esekla the Sneak (level 5, -2/28 HPs)
             Began as a Vine Stalker Delver on Feb 14, 2023.
             Was an Initiate of Vehumet.
             Succumbed to a scorpion's poison
             ... on level 5 of the Dungeon.
             The game lasted 00:05:18 (200 turns).

Esekla the Sneak (Vine Stalker Delver)               Turns: 200, Time: 00:05:18

Health: -2/28      AC:  3    Str: 14    XL:     5   Next: 45%
Magic:  6/8        EV: 12    Int: 12    God:    Vehumet [......]
Gold:   7          SH:  0    Dex: 16    Spells: 7/7 levels left

rFire   . . .      SeeInvis .    a - +0 falchion
rCold   . . .      Faith    .    (no shield)
rNeg    . . .      Spirit   +    b - +0 leather armour
rPois   .          Reflect  .    (no helmet)
rElec   .          Harm     .    (no cloak)
rCorr   .          Rampage  .    (no gloves)
Will    .....                    (no boots)
Stlth   +++                      (no amulet)
HPRegen 1.04/turn                (no ring)
MPRegen 0.11/turn                (no ring)

@: lethally poisoned (-2 -> -9)
A: fangs 2, regeneration 1, magic shield, antimagic bite, no potion heal 2
a: Renounce Religion


You were on level 5 of the Dungeon.
You worshipped Vehumet.
Vehumet was noncommittal.
You visited 2 branches of the dungeon, and saw 2 of its levels.

You collected 7 gold pieces.

Inventory:

Hand Weapons
 a - a +0 falchion (weapon)
 i - a +0 dagger
Missiles
 h - 6 poisoned darts (quivered)
Armour
 b - a +0 leather armour (worn)
Wands
 g - a wand of digging (3)
Scrolls
 c - a scroll of fog


   Skills:
 * Level 3.3 Fighting
 * Level 2.5 Long Blades
 + Level 0.7 Armour
 + Level 1.9 Dodging
 + Level 7.3 Stealth
 * Level 1.7 Spellcasting


You had 7 spell levels left.
You didn't know any spells.
Your spell library was empty.

Dungeon Overview and Level Annotations

Branches:
Dungeon (5/15)             Temple (1/1) D:5

Altars:
Nemelex Xobeh
Qazlal
Ru
Trog
Uskayaw
Vehumet
Zin
Lugonu


Innate Abilities, Weirdness & Mutations

You have extremely sharp teeth.
Your natural rate of healing is unusually fast.
When hurt, damage is shared between your health and your magic reserves.
Your bite disrupts and absorbs the magic of your enemies.
Potions cannot restore your health.


Message History

You kill the orc!
Vehumet accepts your kill.
You hear a splash.
The scorpion stings you.
You hit the scorpion but do no damage.
You bite the scorpion, but do no damage.
The scorpion is moderately wounded.
The scorpion misses you. The scorpion stings you.
You hit the scorpion. Your bite misses the scorpion.
The scorpion is moderately wounded.
The scorpion stings you.
You are poisoned.
The scorpion poisons you!
You hit the scorpion but do no damage. Your bite misses the scorpion.
The scorpion is moderately wounded.
You feel very sick. The scorpion closely misses you. x2
You hit the scorpion.
The scorpion is heavily wounded.
You feel very sick. The scorpion stings you.
You hit the scorpion.
The scorpion is severely wounded.
You feel sick. The scorpion stings you.
* * * LOW HITPOINT WARNING * * *
You are lethally poisoned!
The scorpion poisons you!
You aren't carrying any potions.
You hit the scorpion but do no damage.
You bite the scorpion, but do no damage.
The scorpion is severely wounded.
* * * LOW HITPOINT WARNING * * *
You feel very sick. The scorpion stings you.
* * * LOW HITPOINT WARNING * * *
The scorpion barely misses you.
You barely miss the scorpion. You bite the scorpion. You drain its power.
You feel invigorated.
The scorpion is almost dead.
You die...

*,####.##..######,****
*, ,,,,.#.##..## *.# **
*,*#........# *.#
*,*###.##.#.## *.####
*,* #,*#.#..####....#
*,****,*#.##...§~§...#
******
*,,,,,,*#.###.~§§§~..#
*,,,,, ********#.#
#~~s~~~~## *,****
*****#.**#§§)@~§§# *,*
** *,,,,,,,,#§~~§~§§#
*,* ** ,*
*,****,*,#.~§§~~.# *,*
*, ,*
*,***,,,,#..§§~..#***
***,***, ,*
*,**,,,,...........,*
*,,,,,,,
,***,***,,.###########.*
*,*,***, ,,,,,* **.**
*,#**,*,,,,, ,***** *,*
*,,**,*****, ,* *,*
**,**,* *,,,


You could see a scorpion.

Vanquished Creatures
  A phantom (Temple)
  2 hounds (D:5)
  An orc wizard (D:5)
  An ufetubus (D:5)
  2 orcs
7 creatures vanquished.

Notes
Turn   | Place    | Note
-------+----------+-------------------------------------------
     0 | D:5      | Esekla the Vine Stalker Delver began the quest for the Orb.
     0 | D:5      | Reached XP level 1. HP: 11/11 MP: 2/2
     9 | D:5      | Noticed a hound
    16 | D:5      | Noticed a hound
    25 | D:5      | Noticed an iguana
    28 | D:5      | Noticed a hound
    33 | D:5      | Noticed a hound
    52 | D:5      | Noticed a scorpion
    64 | D:5      | Noticed an orc wizard
    73 | D:5      | Killed an orc wizard
    74 | D:5      | Reached XP level 2. HP: 2/16 MP: 0/4
    74 | D:5      | Reached XP level 3. HP: 3/19 MP: 0/5
    95 | D:5      | Reached skill level 1 in Spellcasting
   102 | D:5      | Reached skill level 7 in Stealth
   102 | D:5      | Gained mutation: Your natural rate of healing is unusually
                  | fast. [Vine Stalker growth]
   102 | D:5      | Reached XP level 4. HP: 3/24 MP: 1/6
   107 | D:5      | HP: 1/24 [ufetubus (2)]
   123 | D:5      | Found a staircase to the Ecumenical Temple.
   126 | D:5      | Noticed a phantom
   132 | Temple   | Entered the Ecumenical Temple
   166 | Temple   | Killed a phantom
   167 | Temple   | Reached XP level 5. HP: 19/28 MP: 5/8
   175 | Temple   | Became a worshipper of Vehumet
   199 | D:5      | HP: 1/28 [scorpion (3)]
   200 | D:5      | Succumbed to a scorpion's poison

Illustrated notes

Levels and vault maps discovered:
D:5:      layout_loops_corners, trog_ov_bears_minmay, minmay_temple_entry_mist,
          gammafunk_ghost_necromancy
Temple:   corrupted_temple

Skill      XL: |  1  2  3 |
---------------+----------+-----
Long Blades    | 2 |  2.5
Fighting       | 3 |  3.3
Spellcasting   | 1 |  1.7
Stealth        | 7 |  7.3
Armour         | |  0.7
Dodging        | |  1.9

Action                     |  1- 3 |  4- 6 || total
---------------------------+-------+-------++-------
  Melee: Falchion          |    23 |    37 ||    60
         Bite              |     3 |    15 ||    18
    Use: Scroll            |     2 |       ||     2
         Potion            |     1 |       ||     1
 Armour: Leather armour    |     6 |     7 ||    13
  Dodge: Dodged            |    15 |    34 ||    49

Table legend: (Time is in decaauts)
 A = Elapsed time spent in this place.
 B = Non-inter-level travel time spent in this place.
 C = Inter-level travel time spent in this place.
 D = Time resting spent in this place.
 E = Time spent auto-exploring this place.
 F = Levels seen in this place.
 G = Mean time per level.
                   A        B        C        D        E       F      G
               +--------+--------+--------+--------+--------+-----+--------+
         Total |    193 |    193 |      0 |      2 |      0 |   2 |   96.5 |
       Dungeon |    132 |    132 |      0 |      2 |      0 |   1 |  132.0 |
        Temple |     61 |     61 |      0 |      0 |      0 |   1 |   61.0 |
               +--------+--------+--------+--------+--------+-----+--------+

Top non-repeatable levels by time:
     D:5: 132 daAuts
  Temple: 61 daAuts
